 Dungeon Crawl Stone Soup version 0.18-a0-1203-gbde16db (webtiles) character file.

301 Leszczynek the Cudgeler (level 6, -1/51 HPs)
             Began as a Draconian Gladiator on Feb 1, 2016.
             Was a Believer of Makhleb.
             Slain by an orc
             ... wielding a +0 falchion
              (6 damage)
             ... on level 4 of the Dungeon.
             The game lasted 00:09:25 (3337 turns).

Leszczynek the Cudgeler (Draconian Gladiator)       Turns: 3337, Time: 00:09:26

Health: -1/51      AC:  7    Str: 27    XL:     6   Next: 14%
Magic:  6/6        EV: 13    Int:  9    God:    Makhleb [**....]
Gold:   178        SH:  0    Dex: 13    Spells: 0 memorised, 5 levels left

rFire  . . .     SeeInvis .     a - +0 flail
rCold  . . .     Gourm    .     (armour unavailable)
rNeg   . . .     Faith    .     (no shield)
rPois  .         Spirit   .     b - +1 hat
rElec  .         Dismiss  .     (no cloak)
rCorr  .         Reflect  .     (no gloves)
SustAt .         Harm     .     (no boots)
MR     .....                    (no amulet)
Stlth  +.........               n - +5 ring of strength
                                e - +5 ring of strength

@: not resistant to hostile enchantments, very unstealthy
A: unfitting armour, cold-blooded, AC +6
a: Minor Destruction, Renounce Religion


You were on level 4 of the Dungeon.
You worshipped Makhleb.
Makhleb was pleased with you.
You were not hungry.

You visited 1 branch of the dungeon, and saw 4 of its levels.

You collected 178 gold pieces.

Inventory:

Hand Weapons
 a - a +0 flail (weapon)
Missiles
 c - 3 throwing nets (quivered)
 i - 57 stones
 k - 4 javelins
 l - 4 silver tomahawks
Armour
 b - a +1 hat (worn)
Jewellery
 e - a +5 ring of strength (left hand)
 n - a +5 ring of strength (right hand)
Scrolls
 f - a scroll of teleportation
 g - 3 scrolls of remove curse
 j - a scroll of blinking
 p - a scroll of magic mapping {unknown}
Comestibles
 d - 2 bread rations
 o - 4 chunks of flesh


   Skills:
 - Level 3.4 Fighting
 + Level 5.0 Maces & Flails
 - Level 3.3 Throwing
 - Level 3.5 Dodging


You had 5 spell levels left.
You didn't know any spells.

Dungeon Overview and Level Annotations

Branches:
Dungeon (4/15)
 Temple: D:4-7

Altars:
Gozag
Makhleb
Qazlal
Xom
Zin

Portals:
Sewer: D:4

Annotations:
D:3 !two-headed ogre


Innate Abilities, Weirdness & Mutations

Your plain brown scales are hard (AC +6).
Your body does not fit into most forms of armour.
You are cold-blooded and may be slowed by cold attacks.


Message History

You closely miss the orc.
The orc is almost dead.
You sock the orc!
You kill the orc!
Makhleb accepts your kill.
You hit the orc.
You kill the orc!
Makhleb accepts your kill.
You feel better.
You hit the orc.
The orc is heavily wounded.
The orc hits you with a falchion.
* * * LOW HITPOINT WARNING * * *
You closely miss the orc.
The orc is heavily wounded.
The orc hits you but does no damage.
You hit the orc.
The orc is severely wounded.
The orc hits you with a falchion.
You die...

#.....+....#......
##...##....#..#...
##...#.....#..#..≈
#...)).....'.....≈
#....#.....#.....≈
#..))#o....#......
#'##'#.....#..#...
####o#.....####..#...
#...@#.....# ........
#....+.....#.....##..
#....#.....#.....##..
#....#.....#..... ...
####'#.....# ... #..
#....##### #....#
#....# #....#


You could see an orc.

Vanquished Creatures
  An orc wizard (D:4)
  An orc priest (D:4)
  A hound skeleton (D:4)
  Robin (D:1)
  7 gnolls
  2 adders
  3 worms
  A giant gecko (D:2)
  18 orcs
  8 bats
  7 giant cockroaches
  13 goblins
  14 hobgoblins
  3 jackals (D:4)
  9 kobolds
  A quokka (D:2)
  2 giant newts
  15 rats
107 creatures vanquished.

Notes
Turn   | Place    | Note
--------------------------------------------------------------
     0 | D:1      | Leszczynek the Draconian Gladiator began the quest for the Orb.
     0 | D:1      | Reached XP level 1. HP: 17/17 MP: 1/1
   105 | D:1      | Reached XP level 2. HP: 24/24 MP: 2/2
   339 | D:1      | Found a shimmering altar of Xom.
   560 | D:1      | Reached XP level 3. HP: 27/30 MP: 3/3
   978 | D:2      | Found a glowing silver altar of Zin.
  1075 | D:2      | Found a stormy altar of Qazlal.
  1075 | D:2      | Noticed a fire elemental
  1076 | D:2      | Noticed a water elemental
  1076 | D:2      | Noticed an air elemental
  1076 | D:2      | Noticed an earth elemental
  1212 | D:2      | Found a burning altar of Makhleb.
  1220 | D:2      | Became a worshipper of Makhleb the Destroyer
  1331 | D:2      | Reached XP level 4. HP: 32/37 MP: 4/4
  1344 | D:2      | Noticed Robin
  1546 | D:1      | Killed Robin
  1918 | D:2      | Reached * piety under Makhleb
  2177 | D:3      | Reached XP level 5. HP: 35/45 MP: 5/5
  2414 | D:3      | Found an opulent altar of Gozag.
  2523 | D:3      | Reached ** piety under Makhleb
  2629 | D:3      | Reached skill level 4 in Maces & Flails
  2910 | D:3      | Noticed a two-headed ogre
  3133 | D:4      | Reached XP level 6. HP: 18/51 MP: 6/6
  3264 | D:4      | Found a glowing drain.
  3310 | D:4      | Reached skill level 5 in Maces & Flails
  3337 | D:4      | Slain by an orc

Vault maps used:
D:1:      minmay_arrival_split_and_join, xom_teletrap_fun
D:2:      nicolae_qazlal_style_of_elements, old_standard_altar,
          old_standard_altar, first_bread, uniq_robin
D:3:      grunt_gozag_breadcrumbs, grunt_ministairs_1, minmay_misc_feat_square,
          feat_on_display, uniq_crazy_yiuf_cottage
D:4:      lemuel_crystal_altar, portal_sewer_entry_a

Action                   |  1- 3 |  4- 6 || total
-------------------------+-------+-------++-------
Melee: Flail             |   113 |   185 ||   298
       Unarmed           |       |    17 ||    17
Throw: Throwing net      |     3 |       ||     3
  Use: Scroll            |       |    10 ||    10
       Potion            |       |     4 ||     4
 Stab: Sleeping          |       |     1 ||     1
  Eat: Chunk             |     1 |     7 ||     8
